 Dungeon Crawl Stone Soup version 0.22.0-49-gab54619 (webtiles) character file.

88 robertstho the Ruffian (level 4, -8/44 HPs)
             Began as a Troll Monk on Sept 7, 2018.
             Mangled by an ogre
             ... wielding a +0 giant club
              (19 damage)
             ... on level 3 of the Dungeon.
             The game lasted 00:04:00 (1455 turns).

robertstho the Ruffian (Troll Monk)                 Turns: 1455, Time: 00:04:00

Health: -8/44      AC:  5    Str: 19    XL:     4   Next: 29%
Magic:  3/3        EV: 11    Int:  6    God:
Gold:   118        SH:  0    Dex: 13    Spells: 3/3 levels left

rFire    . . .     SeeInvis .     - Unarmed
rCold    . . .     Gourm    +   (no shield)
rNeg     . . .     Faith    .   a - +0 robe
rPois    .         Spirit   .   (helmet restricted)
rElec    .         Reflect  .   (no cloak)
rCorr    .         Harm     .   (gloves unavailable)
MR       .....                  (boots unavailable)
Stlth    ++........             (no amulet)
HPRegen  0.54/turn              (no ring)
MPRegen  0.08/turn              (no ring)

@: slowed, very slow
A: large, unfitting armour, claws 3, fast metabolism 3, gourmand, regeneration
1, shaggy fur 1, tough skin 2
a: no special abilities


You were on level 3 of the Dungeon.
You were very full.

You visited 1 branch of the dungeon, and saw 3 of its levels.

You collected 118 gold pieces.

Inventory:

Armour
 a - a +0 robe (worn)
Jewellery
 c - an uncursed ring of see invisible {unknown}
 h - an uncursed amulet of harm {unknown}
Scrolls
 d - a scroll of magic mapping {unknown}
 g - 3 scrolls of amnesia
 i - 2 scrolls of identify {unknown}
Potions
 e - a potion of curing {unknown}
 f - a potion of might {unknown}
Comestibles
 b - 7 rations


   Skills:
 + Level 2.7 Fighting
 * Level 3.1 Dodging
 - Level 1.0 Stealth
 * Level 4.2 Unarmed Combat


You had 3 spell levels left.
You didn't know any spells.
Your spell library was empty.

Dungeon Overview and Level Annotations

Branches:
Dungeon (3/15)

Altars:
Fedhas
Kikubaaqudgha


Innate Abilities, Weirdness & Mutations

You are too large for most types of armour.
You have claws for hands.
Your metabolism is lightning-fast.
You like to eat raw meat.
Your natural rate of healing is unusually fast.
You are covered in fur. (AC +1)
You have very tough skin. (AC +2)


Message History

The orc wizard hits you but does no damage.
You closely miss the orc wizard. The ogre closely misses you.
The orc wizard casts a spell at you. The puff of flame hits you!
The orc wizard hits you with a dagger.
You barely miss the ogre. The ogre hits you with a giant club!!
* * * LOW HITPOINT WARNING * * *
The orc wizard hits you but does no damage.
You claw the ogre!
The ogre is moderately wounded.
The ogre misses you. The orc wizard hits you with a dagger.
* * * LOW HITPOINT WARNING * * *
The ogre closely misses you. The orc wizard hits you with a dagger.
* * * LOW HITPOINT WARNING * * *
Things that are here:
a dagger; a robe; an orc corpse
As you read the scroll labeled RAGIHU VEJO, it crumbles to dust.
It is a scroll of amnesia.
You feel forgetful for a moment. The orc wizard barely misses you.
The ogre hits you with a giant club!!
You die...

....... ###. ..o... #... .....
#..### #...# #.... #...#
##...# #...# ##....# #...# ###
##....#####
####...#####.######.........#
.............o@.......#.>....#
.............O...#...........#
...............####...##.....#
#####...######## #.####..<..#
#...# #.# ####### #...# #.#
#...# ... #... #.. #...


You could see an ogre and an orc wizard.

Vanquished Creatures
  An orc wizard (D:3)
  An adder (D:2)
  A worm (D:2)
  2 leopard geckos
  2 ball pythons
  5 bats
  A giant cockroach (D:1)
  5 hobgoblins
  6 jackals
  6 kobolds
  4 frilled lizards
  4 goblins
  8 rats
46 creatures vanquished.

Notes
Turn   | Place    | Note
-------+----------+-------------------------------------------
     0 | D:1      | robertstho the Troll Monk began the quest for the Orb.
     0 | D:1      | Reached XP level 1. HP: 22/22 MP: 0/0
   169 | D:1      | Reached XP level 2. HP: 29/29 MP: 1/1
   450 | D:1      | Reached XP level 3. HP: 36/36 MP: 2/2
  1012 | D:2      | Found an ancient bone altar of Kikubaaqudgha.
  1012 | D:2      | Found a blossoming altar of Fedhas.
  1447 | D:3      | Noticed an ogre
  1449 | D:3      | Reached skill level 4 in Unarmed Combat
  1449 | D:3      | Reached XP level 4. HP: 38/44 MP: 3/3
  1455 | D:3      | Mangled by an ogre

Skill      XL: |  1  2  3 |
---------------+----------+-----
Dodging        | 3 |  3.1
Unarmed Combat | 4 |  4.2
Fighting       | |  2.7
Stealth        | |  1.0

Action                   |  1- 3 |  4- 6 || total
-------------------------+-------+-------++-------
Melee: Unarmed           |    96 |     4 ||   100
  Use: Scroll            |       |     1 ||     1
 Stab: Sleeping          |     6 |       ||     6
  Eat: Chunk             |    17 |       ||    17
Armor: Robe              |    23 |     2 ||    25
Dodge: Dodged            |    53 |     4 ||    57
